 Dungeon Crawl Stone Soup version 0.30-a0-956-gcec3b41aec (webtiles) character file.

Game seed: 11966485586466427972

1797981 Charly the Grand Master (level 26, 219/219 HPs)
             Began as a Demonspawn Monk on Mar 16, 2023.
             Was the Champion of Cheibriados.
             Escaped with the Orb
             ... and 3 runes on Mar 29, 2023!
             The game lasted 03:32:17 (59816 turns).

Charly the Grand Master (Demonspawn Monk)          Turns: 59816, Time: 03:32:18

Health: 219/219    AC:  7    Str: 33    XL:     26   Next: 39%
Magic:  35/35      EV: 35    Int: 48    God:    Cheibriados [******]
Gold:   4280       SH:  0    Dex: 35    Spells: 3/41 levels left

rFire   + + +      SeeInvis .      - Unarmed
rCold   . . .      Faith    .    (no shield)
rNeg    + + .      Spirit   +    G - +0 robe of Beauty {rF++ Will+ Regen+ Archmagi}
rPois   .          Reflect  .    (helmet unavailable)
rElec   .          Rampage  .    T - +2 cloak {Will+}
rCorr   .          Archmagi +    d - +0 pair of gloves "Yquvaib" {rF+ rN++ Str+3 Stlth-}
Will    +++..                    D - +1 pair of boots
Stlth   +                        v - amulet of Setan {Spirit Contam Fragile rF+ Int+5}
HPRegen 1.36/turn                Y - ring of Nug Ossa {rF+ Str-2 Int+6 Dex+4 Stlth+}
MPRegen 0.24/turn                P - ring "Jinner" {rF+ Int+6}

@: very slow
A: horns 3, powered by death 3, black mark, sanguine armour 3, demonic magic 3,
bedeviling, clumsy 1, deformed body
0: Orb of Zot
}: 3/15 runes: decaying, silver, gossamer
a: Renounce Religion, Bend Time, Temporal Distortion, Slouch, Step From Time


You escaped.
You worshipped Cheibriados.
Cheibriados was exalted by your worship.
You visited 9 branches of the dungeon, and saw 45 of its levels.
You visited the Abyss 1 time.
You visited 1 ziggurat, and saw 9 of its levels.

You collected 7827 gold pieces.
You spent 3547 gold pieces at shops.

Inventory:

Missiles
 J - 4 throwing nets
 K - 2 curare-tipped darts
Armour
 d - the +0 pair of gloves "Yquvaib" (worn) {rF+ rN++ Str+3 Stlth-}
   (You found it on level 2 of the Depths)

   Str:       It affects your strength (+3).
   rF:        It protects you from fire.
   rN:        It greatly protects you from negative energy.
   Stlth:     It makes you less stealthy.
 k - a +1 cloak of preservation
 D - a +1 pair of boots (worn)
 F - the scarf of the Onion {rC+ rF+, rPois Will- Regen+ Int+5}
   (You acquired it on level 11 of the Dungeon)

   Int:       It affects your intelligence (+5).
   rPois:     It protects you from poison.
   Regen:     It increases your rate of health regeneration.
   Will:      It decreases your willpower.
 G - the +0 robe of Beauty (worn) {rF++ Will+ Regen+ Archmagi}
   (You found it on level 2 of the Depths)

   rF:        It greatly protects you from fire.
   Regen:     It increases your rate of health regeneration.
   Archmagi:  It increases the power of your magical spells.
   Will:      It increases your willpower.
 T - a +2 cloak of willpower (worn)
 V - the +1 cloak of a Labyrinth {rPois Str-5 Int+7 SInv}
   (You found it on level 13 of the Dungeon)

   Str:       It affects your strength (-5).
   Int:       It affects your intelligence (+7).
   rPois:     It protects you from poison.
   SInv:      It lets you see invisible.
Jewellery
 c - a ring of protection from cold
 f - the ring "Zoybad" {Fly rF++ Str+2 Dex-5}
   (You took it off a vault warden on level 5 of the Vaults)

   [ring of flight]

   Str:       It affects your strength (+2).
   Dex:       It affects your dexterity (-5).
   rF:        It greatly protects you from fire.
   Fly:       It grants you flight.
 i - a ring of see invisible
 v - the amulet of Setan (around neck) {Spirit Contam Fragile rF+ Int+5}
   (You found it on level 5 of the Vaults)

   [amulet of guardian spirit]

   It causes incoming damage to be divided between your reserves of health and
   magic.
   Int:       It affects your intelligence (+5).
   rF:        It protects you from fire.
   Contam:    It causes magical contamination when unequipped.
   Fragile:   It will be destroyed if unequipped.
 C - the ring "Noradin" {Wiz rF+ rC- rCorr Slay+2}
   (You acquired it on level 2 of a ziggurat)

   [ring of wizardry]

   It improves your spell success rate.
   Slay:      It affects your accuracy & damage with ranged weapons and melee
   (+2).
   rF:        It protects you from fire.
   rC:        It makes you vulnerable to cold.
   rCorr:     It protects you from acid and corrosion.
 P - the ring "Jinner" (right hand) {rF+ Int+6}
   (You found it on level 8 of a ziggurat)

   [ring of protection from fire]

   Int:       It affects your intelligence (+6).
   rF:        It protects you from fire.
 Y - the ring of Nug Ossa (left hand) {rF+ Str-2 Int+6 Dex+4 Stlth+}
   (You found it on level 6 of a ziggurat)

   [ring of intelligence]

   Str:       It affects your strength (-2).
   Int:       It affects your intelligence (+6).
   Dex:       It affects your dexterity (+4).
   rF:        It protects you from fire.
   Stlth:     It makes you more stealthy.
Wands
 x - a wand of digging (32)
 B - a wand of polymorph (21)
 I - a wand of mindburst (38)
 M - a wand of acid (19)
 O - a wand of paralysis (77)
 S - a wand of roots (29)
Scrolls
 j - 10 scrolls of magic mapping
 o - 4 scrolls of fog
 p - 17 scrolls of teleportation
 t - 13 scrolls of fear
 y - 12 scrolls of vulnerability
 z - 6 scrolls of immolation
 E - 5 scrolls of blinking
 H - 11 scrolls of poison
 R - 6 scrolls of silence
 W - 3 scrolls of butterflies
Potions
 a - 20 potions of curing
 b - 4 potions of ambrosia
 e - 13 potions of heal wounds
 h - 13 potions of attraction
 l - 15 potions of mutation
 m - 3 potions of might
 n - 6 potions of resistance
 q - 8 potions of flight
 s - 10 potions of brilliance
 u - 3 potions of magic
 U - 4 potions of cancellation
 X - a potion of invisibility
 Z - a potion of berserk rage
Miscellaneous
 g - a phantom mirror
 r - a condenser vane
 w - a phial of floods
 A - a tin of tremorstones (2/2)
 L - a box of beasts
 Q - a lightning rod (4/4)


   Skills:
 + Level 20.4 Fighting
 + Level 17.5 Dodging
 - Level 2.0 Stealth
 O Level 27 Unarmed Combat
 - Level 8.0 Spellcasting
 - Level 5.0 Conjurations
 - Level 7.0 Hexes
 - Level 6.0 Necromancy
 - Level 3.0 Translocations
 - Level 13.0 Transmutations
 - Level 4.0 Air Magic
 - Level 12.0 Earth Magic
 - Level 15.0 Invocations
 - Level 10.0 Evocations


You had 3 spell levels left.
You knew the following spells:

 Your Spells              Type           Power      Damage    Failure   Level
a - Anguish               Hex/Necr       55%        N/A       1%          4
b - Blink                 Tloc           100%       N/A       1%          2
d - Lee's Rapid Deconstr  Erth           58%        3d27*     1%          5
f - Cause Fear            Hex            57%        N/A       1%          4
p - Passage of Golubria   Tloc           64%        N/A       3%          4
x - Irradiate             Conj/Tmut      51%        3d28      1%          5
z - Vhi's Electric Charg  Tloc/Air       100%       N/A       1%          3
Q - Silence               Hex/Air        52%        N/A       3%          5
S - Statue Form           Tmut/Erth      78%        N/A       1%          6

Your spell library contained the following spells:

 Spells                   Type           Power      Damage    Failure   Level
 Beastly Appendage        Tmut           100%       N/A       0%          1
 Passwall                 Tmut/Erth      98%        N/A       0%          2
 Wereblood                Tmut           100%       N/A       0%          2
 Apportation              Tloc           100%       N/A       1%          1
 Magic Dart               Conj           100%       1d8       1%          1
 Necrotise                Necr           100%       1d9       1%          1
 Slow                     Hex            100%       N/A       1%          1
 Summon Small Mammal      Summ           100%       N/A       1%          1
 Cigotuvi's Dreadful Rot  Necr/Pois/Air  100%       N/A       1%          2
 Poisonous Vapours        Pois/Air       100%       N/A       1%          2
 Scorch                   Fire           56%        2d8       1%          2
 Searing Ray              Conj           100%       2d8       1%          2
 Static Discharge         Conj/Air       100%       2-7/arc   1%          2
 Sublimation of Blood     Necr           86%        N/A       1%          2
 Confusing Touch          Hex            100%       N/A       1%          3
 Dazzling Flash           Conj/Hex       100%       N/A       1%          3
 Gell's Gravitas          Tloc           64%        N/A       1%          3
 Ignite Poison            Fire/Tmut/Pois 74%        N/A       1%          3
 Inner Flame              Hex/Fire       87%        N/A       1%          3
 Kindle Blastsparks       Fire/Tloc/Air  100%       2d18      1%          3
 Mephitic Cloud           Conj/Pois/Air  64%        N/A       1%          3
 Portal Projectile        Hex/Tloc       100%       N/A       1%          3
 Spider Form              Tmut/Pois      89%        N/A       1%          3
 Stone Arrow              Conj/Erth      100%       3d13      1%          3
 Teleport Other           Tloc           64%        N/A       1%          3
 Vampiric Draining        Necr           86%        2d12      1%          3
 Call Canine Familiar     Summ           28%        N/A       3%          3
 Ozocubu's Armour         Ice            28%        N/A       3%          3
 Animate Armour           Summ/Erth      100%       N/A       1%          4
 Fulminant Prism          Conj/Hex       53%        3d23      1%          4
 Ice Form                 Ice/Tmut       89%        N/A       1%          4
 Leda's Liquefaction      Hex/Erth       64%        N/A       1%          4
 Petrify                  Tmut/Erth      100%       N/A       1%          4
 Iskenderun's Mystic Bla  Conj/Tloc      72%        2d15      2%          4
 Manifold Assault         Tloc           64%        N/A       3%          4
 Flame Wave               Conj/Fire      59%        2d14      4%          4
 Sticky Flame             Conj/Fire      59%        2d7       4%          4
 Iskenderun's Battlesphe  Conj           79%        2d13      4%          5
 Dragon Form              Tmut           60%        N/A       4%          7
 Summon Lightning Spire   Summ/Air       55%        N/A       5%          4
 Arcjolt                  Conj/Air       38%        1d48      5%          5
 Metabolic Englaciation   Hex/Ice        43%        N/A       9%          5
 Summon Mana Viper        Hex/Summ       87%        N/A       9%          5
 Freezing Cloud           Conj/Ice/Air   32%        6-21      10%         5
 Summon Ice Beast         Ice/Summ       28%        N/A       12%         4
 Fireball                 Conj/Fire      29%        3d13      12%         5
 Plasma Beam              Fire/Air       27%        2x1d29    16%         5
 Summon Forest            Summ/Tloc      25%        N/A       19%         5
 Conjure Ball Lightning   Conj/Air       38%        3x3d12    30%         6
 Storm Form               Tmut/Air       50%        N/A       32%         7
 Dispersal                Tloc           32%        N/A       50%         6
 Simulacrum               Ice/Necr       32%        N/A       50%         6
 Enfeeble                 Hex            57%        N/A       52%         7
 Starburst                Conj/Fire      29%        6d9       56%         6
 Orb of Destruction       Conj           39%        9d11      80%         7
 Necromutation            Tmut/Necr      52%        N/A       86%         8
 Summon Cactus Giant      Summ           14%        N/A       88%         6
 Lehudib's Crystal Spear  Conj/Erth      50%        10d12     94%         8
 Discord                  Hex            57%        N/A       99%         8
 Monstrous Menagerie      Summ           14%        N/A       100%        7
 Borgnjor's Revivificati  Necr           43%        N/A       100%        8
 Disjunction              Tloc           32%        N/A       100%        8
 Maxwell's Capacitive Co  Air            36%        ∞         100%        8
 Chain Lightning          Conj/Air       38%        3d50      100%        9
 Death's Door             Necr           43%        N/A       100%        9
 Dragon's Call            Summ           14%        N/A       100%        9
 Fire Storm               Conj/Fire      29%        8d8       100%        9
 Polar Vortex             Ice            14%        N/A       100%        9
 Shatter                  Erth           58%        3d43*     100%        9


Dungeon Overview and Level Annotations

Branches:
Dungeon (15/15)            Temple (1/1) D:6            Lair (5/5) D:8
  Swamp (4/4) Lair:3       Spider (4/4) Lair:3        Slime (0/5) Lair:5
    Orc (2/2) D:9             Elf (0/3) Orc:2        Vaults (5/5) D:13
  Crypt (0/3) Vaults:3     Depths (4/4) D:15            Zot (5/5) Depths:4

Altars:
Ashenzari
Cheibriados
Dithmenos
Fedhas
Gozag
Hepliaklqana
Kikubaaqudgha
Makhleb
Nemelex Xobeh
Okawaru
Qazlal
Ru
Sif Muna
Trog
Uskayaw
Vehumet
Wu Jian
Xom
Yredelemnul
Jiyva

Shops:
D:2 (   D:5 *   D:10 (   Orc:2 =*[[   Vaults:1 !   Vaults:3 *   Depths:3 [

Portals:
Hell: Depths:1 Depths:2 Depths:3 Depths:4
Abyss: Depths:2 Depths:3
Pandemonium: Depths:1 Depths:2 Depths:4

Annotations:
Zot:3 1 runed translucent door, Ahiemauce's ghost, veteran DrSu


Innate Abilities, Weirdness & Mutations

You have a pair of large horns on your head.
You regenerate a lot of health from kills.
Your melee attacks may debilitate your foes.
When seriously injured, your blood forms very thick armour. (AC +0)
Spells you cast and wands you use may paralyse nearby enemies.
Your hexes are more powerful.
You are clumsy. (Dex -2)
Armour fits poorly on your strangely shaped body.


Message History

An Orb Guardian comes into view.
Your transformation is almost over.
You see here a +0 whip.
You strike the helpless hell beast from behind!
You pummel the hell beast!!
The hell beast is moderately wounded.
The hell beast completely misses you. x2
You squash the hell beast like an ant!!!!
You kill the hell beast!
Cheibriados thoroughly appreciates the change of pace.
Casting: Irradiate (mildly dangerous; 1% risk of failure)
Confirm with . or Enter, or press ? or * to list all spells.
Charge where?
Press: ? - help, Dir - move target, f - Orb Guardian
Aim: an Orb Guardian (92% to hit)
You charge forward with an electric crackle!
You pulverise the Orb Guardian and electrocute it!!!!!
You kill the Orb Guardian!
Cheibriados thoroughly appreciates the change of pace.
Malevolent energies surge around you.
(D) Dungeon (T) Temple (L) Lair (S) Swamp (N) Spider Nest (M) Slime Pits (O) Orcish Mines (E) Elven Halls (V) Vaults (C) Crypt (U) Depths (H) Hell (Z) Zot
Where to? (Enter - D:1 @ (x,y), ? - help) HP restored.
You revert to your normal fleshy form.
The +0 pair of gloves "Yquvaib" {rF+ rN++ Str+3 Stlth-} unmelds from your body.
Your +1 pair of boots unmelds from your body.
The +0 robe of Beauty {rF++ Will+ Regen+ Archmagi} unmelds from your body.
There is a stone staircase leading up here.
You see here a scroll of amnesia.
You climb upwards.
There is a stone staircase leading down here.
Magic restored.
You enter the shallow water.
Moving in this stuff is going to be slow.
There is a staircase leading out of the dungeon here.
A dart slug is nearby!
You have escaped!

##..................#.#####.#.###
.....##..#######.#######..#.....†
.....##....####...####....###.###
....####.....#..~..#.....## #.#
.......#8..~....~....~..8# #.#
....##.##...~..~~~..~...## #.#
....##.#.....~~~~~~~.....## #.#
....##.....~~~~...~~~~....# #.#
....##...~~~~~..@..~~~~~..# #.#
.(..##.....~~~~...~~~~....# #.###
.......#.....~~~~~~~.(...## #....
.......##w..~..~~~..~...## #..##
.......#8..~....~....~..8####..##
###....#.)...#..~..#.....#.......
...........####...####.....##..##
.........#######.#######...#...#
#####.................[......#.#


You could see a dart slug (wandering).

Vanquished Creatures
  3 dread liches
  A pandemonium lord (D:4)
  Tiamat (Zot:3)
  7 ancient liches
  3 orbs of fire (Zot:5)
  Mennas (Vaults:4)
  3 juggernauts
  Vv (Zot:2)
  6 Killer Klowns
  4 caustic shrikes
  10 golden dragons
  the Enchantress (Depths:1)
  A Brimstone Fiend (Zot:5)
  A Tzitzimitl (Depths:3)
  3 electric golems
  A Hell Sentinel (D:11)
  17 tentacled monstrosities
  Rupert (D:13)
  Mlioglotl (Spider:1)
  27 Orb Guardians
  4 liches
  A walking frostbound tome (Depths:2)
  A walking crystal tome (Depths:3)
  4 titans
  7 quicksilver dragons
  2 tentacled starspawn (Abyss:2)
  Kirke (Swamp:1)
  6 death cobs
  Frances (Swamp:1)
  4 sphinxes
  Gastronok (Lair:1)
  Agnes (D:14)
  5 tengu reavers
  An Executioner (Depths:1)
  9 draconian monks
  14 shadow dragons
  2 thorn hunters (Swamp:1)
  15 storm dragons
  A revenant (Vaults:3)
  5 emperor scorpions (Spider:4)
  7 frost giants
  13 fire giants
  6 draconian knights
  3 deep elf sorcerers
  17 vault wardens
  6 draconian scorchers
  The ghost of Vaoc the Brawler, a journeyman TrFi of Wu Jian (D:12)
  Louise (Swamp:4)
  9 draconian shifters
  6 ghost moths
  5 draconian stormcallers
  A cacodemon (Depths:4)
  An angel (Abyss:2)
  3 spriggan defenders (Depths:1)
  5 broodmothers
  3 orc warlords
  23 ironbound preservers
  9 draconian annihilators
  12 very ugly things
  15 stone giants
  A vampire knight (Vaults:3)
  A reaper (Zot:5)
  5 war gargoyles
  8 black draconians
  2 deep elf demonologists (Vaults:5)
  11 ironbound thunderhulks
  11 green draconians
  A dire elephant (Vaults:1)
  7 eleionomae
  14 spark wasps
  12 purple draconians
  6 red draconians
  18 white draconians
  2 deep elf annihilators
  7 bunyips
  9 yellow draconians
  Snorg (Orc:2)
  A crystal guardian (Vaults:4)
  Josephine (D:11)
  15 ettins
  7 fire dragons
  3 jiangshi (Depths:3)
  Fannar (Orc:1)
  A merfolk javelineer (Zig:6)
  A mummy priest (Zig:1)
  15 yaktaur captains
  A merfolk impaler (Depths:3)
  11 ice dragons
  3 deep elf high priests
  An ice dragon (shapeshifter) (D:14)
  5 entropy weavers
  3 rakshasas
  5 great orbs of eyes
  28 vault guards
  3 catoblepae (Lair:5)
  A caustic shrike simulacrum (Depths:2)
  2 radroaches
  A merfolk avatar (Zig:8)
  20 hydras
  9 centaur warriors
  A salamander tyrant (Depths:4)
  2 peacekeepers
  3 hell beasts
  An ogre mage (Vaults:5)
  5 boulder beetles
  6 two-headed ogres
  Erica (D:11)
  10 alligators
  A death yak (shapeshifter) (D:14)
  2 dancing weapons (D:13)
  A death knight (D:15)
  7 spriggan air magi
  2 satyrs (Zig:6)
  9 ironbound frosthearts
  A merfolk aquamancer (Zig:8)
  16 deep troll shamans
  14 deep troll earth magi
  5 tengu warriors
  2 death scarabs (Zig:3)
  3 hell hogs (Depths:4)
  10 hell knights
  A vampire mage (Depths:3)
  17 death yaks
  4 spriggan berserkers
  3 naga sharpshooters (Zig:6)
  3 soul eaters
  17 spriggans
  A titan skeleton (Depths:2)
  2 death drakes
  A sea snake (Zig:8)
  A skyshark (Lair:3)
  A wretched star (Abyss:2)
  4 goliath frogs
  4 salamander mystics (Depths:4)
  A sea snake (shapeshifter) (Zig:9)
  3 skeletal warriors (D:15)
  10 pharaoh ants
  5 spriggan druids
  2 flayed ghosts
  23 iron trolls
  2 spark wasp zombies
  4 orb spiders
  60 deep trolls
  A glowing orange brain (shapeshifter) (Zig:9)
  8 lindwurms
  A swamp dragon (Swamp:4)
  3 bog bodies
  8 phantasmal warriors
  4 wolf spider zombies (Spider:1)
  12 steelbarb worms
  7 glowing orange brains
  8 wizards
  3 deep elf pyromancers
  6 necromancers
  6 spectral wolf spiders (Spider:1)
  4 large abominations
  15 ironbound convokers
  14 orc knights
  2 frost giant zombies
  26 ugly things
  2 orc sorcerers
  2 will-o-the-wisps (Swamp:4)
  An oklob plant (Depths:2)
  6 cyclopes
  5 manticores
  A shadow dragon skeleton (D:15)
  A cyclops (shapeshifter) (Vaults:5)
  11 salamanders
  17 wolf spiders
  40 moths of wrath
  An apocalypse crab (Abyss:2)
  31 elephants
  11 black mambas
  A black mamba (shapeshifter) (Zig:5)
  4 orange demons
  5 torpor snails
  Joseph (Lair:1)
  5 water nymphs
  23 vault sentinels
  An iron dragon skeleton (Depths:2)
  6 demonic crawlers
  A smoke demon (Abyss:2)
  7 cane toads
  2 gargoyles
  3 kobold demonologists (D:10)
  30 yaktaurs
  10 komodo dragons
  An unseen horror (D:10)
  9 freezing wraiths
  4 rime drakes
  4 efreet
  A spark wasp simulacrum (Depths:2)
  A tormentor (Depths:2)
  2 tengu conjurers
  3 ice devils
  A guardian mummy (Zig:1)
  6 trolls
  A spriggan skeleton (Depths:2)
  2 red devils
  3 merfolk (Zig:8)
  A polar bear (Lair:2)
  24 hornets
  3 wolf spider simulacra (Spider:1)
  8 tyrant leeches
  25 tarantellas
  A tarantella (shapeshifter) (Zig:9)
  2 hellwings
  A meliai (D:14)
  14 blink frogs
  A snapping turtle (Zig:8)
  A wind drake (Zig:8)
  A spriggan zombie (D:15)
  29 jumping spiders
  6 dream sheep
  20 slime creatures
  A flying skull (Zig:3)
  20 culicivoras
  3 shadows
  49 yaks
  2 ushabtiu (Zig:3)
  4 water elementals
  4 wyverns
  3 ynoxinuls
  2 hogs (shapeshifter)
  4 hogs (Swamp:1)
  7 wraiths
  3 basilisks
  39 redbacks
  2 fire bats (Depths:4)
  19 vampire mosquitoes
  4 neqoxecs
  4 swamp worm simulacra (Swamp:4)
  Edmund (D:5)
  A redback (shapeshifter) (D:14)
  A glowing shapeshifter zombie (Depths:2)
  5 wargs
  11 swamp worms
  An acid dragon (D:8)
  14 water moccasins
  A swamp worm (shapeshifter) (Vaults:3)
  Duvessa (D:4)
  A floating eye (shapeshifter) (Zig:9)
  14 hydra simulacra (Swamp:4)
  A floating eye (Depths:3)
  44 orc warriors
  A sky beast (D:7)
  5 ice beasts
  2 black bears
  6 swamp drakes
  A tengu (D:9)
  A black bear (shapeshifter) (D:14)
  8 ogres
  4 wolves (Lair:3)
  12 centaurs
  6 kobold brigands
  2 gnoll sergeants
  10 bullfrogs
  3 scorpions
  6 killer bees
  9 howler monkeys
  6 hounds
  3 small abominations (Abyss:2)
  2 gnoll boudas
  16 jellies
  Crazy Yiuf (D:4)
  11 orc priests
  2 iguanas
  17 orc wizards
  3 hell rats (D:8)
  4 mummies
  11 adders
  20 gnolls
  4 river rats (D:8)
  3 white imps
  3 ufetubi
  4 swamp drake simulacra (Swamp:4)
  A worm (D:2)
  3 dart slugs
  60 orcs
  5 endoplasms
  5 giant cockroaches
  7 goblins
  7 hobgoblins
  20 kobolds
  4 quokkas
  6 ball pythons
  7 bats
  A frilled lizard (D:1)
  A hobgoblin zombie (D:7)
  3 kobold zombies (D:7)
  12 rats
1974 creatures vanquished.

Vanquished Creatures (collateral kills)
  A Killer Klown (Zot:5)
  A draconian scorcher (Zot:5)
  A purple draconian (Zot:3)
  An ogre (D:5)
  Dowan (D:4)
  An orc priest (D:4)
  An orc wizard (D:4)
7 creatures vanquished.

Vanquished Creatures (others)
  Margery (Vaults:2)
  A caustic shrike (Depths:3)
  2 draconian stormcallers
  A very ugly thing (Vaults:2)
  2 ironbound thunderhulks
  A green draconian (Zot:5)
  A yellow draconian (Zot:3)
  A fire dragon (Depths:4)
  A yaktaur captain (Vaults:5)
  A hydra (Swamp:4)
  A vampire mage (Depths:3)
  A deep troll (Depths:3)
  3 orb spiders
  A lindwurm (Vaults:1)
  A manticore (Zig:8)
  A moth of wrath (Zot:5)
  A vault sentinel (Vaults:5)
  A red devil (Depths:4)
  A wind drake (Zig:8)
  A bloated husk (Swamp:2)
  A troll (Zig:7)
  A tarantella (Spider:3)
  A water elemental (Zig:8)
  A human (Swamp:1)
  A hog (Swamp:1)
  A redback (Spider:1)
  2 centaurs (D:8)
  10 foxfires (Swamp:4)
  33 fungi
  41 plants
  6 starspawn tentacles (Abyss:2)
  6 withered plants (D:15)
128 creatures vanquished.

Grand Total: 2109 creatures vanquished

Notes
Turn   | Place    | Note
-------+----------+-------------------------------------------
     0 | D:1      | Charly the Demonspawn Monk began the quest for the Orb.
     0 | D:1      | Reached XP level 1. HP: 18/18 MP: 1/1
   159 | D:1      | Reached skill level 3 in Unarmed Combat
   217 | D:1      | Gained mutation: Spells you cast may paralyse adjacent
                  | enemies. [demonic ancestry]
   217 | D:1      | Reached XP level 2. HP: 22/24 MP: 2/2
   892 | D:2      | Reached XP level 3. HP: 25/29 MP: 3/3
   945 | D:2      | Reached skill level 4 in Unarmed Combat
  1086 | D:2      | Gained mutation: You have a pair of small horns on your
                  | head. [demonic ancestry]
  1086 | D:2      | Reached XP level 4. HP: 29/35 MP: 4/4
  1359 | D:2      | Found Waixkec's Antique Weapon Boutique.
  2018 | D:3      | Reached skill level 5 in Unarmed Combat
  2467 | D:3      | Found a faded altar of an unknown god.
  2534 | D:4      | Gained mutation: When seriously injured, your blood forms
                  | armour. (AC +0) [demonic ancestry]
  2534 | D:4      | Reached XP level 5. HP: 40/41 MP: 5/5
  2648 | D:4      | Found a hide-covered altar of Uskayaw.
  2860 | D:4      | Noticed Duvessa
  2860 | D:4      | Noticed Dowan
  2870 | D:4      | Killed Dowan
  2871 | D:4      | Reached skill level 6 in Unarmed Combat
  2871 | D:4      | Reached XP level 6. HP: 47/47 MP: 6/6
  2923 | D:4      | Killed Duvessa
  3147 | D:4      | Reached skill level 7 in Unarmed Combat
  3566 | D:4      | Found a runed translucent door.
  3567 | D:4      | Noticed Crazy Yiuf
  3847 | D:5      | Entered Level 5 of the Dungeon
  3915 | D:5      | Noticed Edmund
  4156 | D:5      | Reached XP level 7. HP: 52/52 MP: 7/7
  4225 | D:5      | Found Waocir's Assorted Antiques.
  4240 | D:5      | Bought an inky potion for 18 gold pieces
  4240 | D:5      | Bought an encrusted bronze wand for 84 gold pieces
  4420 | D:5      | Killed Edmund
  4421 | D:5      | Reached skill level 8 in Unarmed Combat
  4617 | D:5      | Found a sacrificial altar of Ru.
  4617 | D:5      | Found a radiant altar of Vehumet.
  4618 | D:5      | Found a shadowy altar of Dithmenos.
  4620 | D:5      | Found a hazy altar of Hepliaklqana.
  4622 | D:5      | Found a basalt altar of Yredelemnul.
  4700 | D:5      | Bought an encrusted wooden wand for 84 gold pieces
  4753 | D:6      | Reached skill level 9 in Unarmed Combat
  4753 | D:6      | Gained mutation: You have a pair of horns on your head.
                  | [demonic ancestry]
  4753 | D:6      | Reached XP level 8. HP: 58/58 MP: 8/8
  5333 | D:6      | Found a staircase to the Ecumenical Temple.
  5366 | Temple   | Entered the Ecumenical Temple
  5639 | D:6      | Reached skill level 10 in Unarmed Combat
  5836 | D:6      | Found an ornate altar of the Wu Jian Council.
  5850 | D:6      | Identified the +1 robe of Fedhas's Condemnation {rF+}
  6439 | D:7      | Reached skill level 11 in Unarmed Combat
  6584 | D:5      | Bought a bone ring for 105 gold pieces
  6789 | D:7      | Gained mutation: You have a pair of large horns on your
                  | head. [demonic ancestry]
  6789 | D:7      | Reached XP level 9. HP: 63/63 MP: 9/9
  6967 | D:7      | Found a burning altar of Makhleb.
  6975 | D:7      | Noticed an angel
  6975 | D:7      | Noticed an Executioner
  7160 | D:7      | Paralysed by a hornet for 1 turns
  8486 | D:8      | Reached skill level 12 in Unarmed Combat
  8791 | D:8      | Noticed a death yak
  8797 | D:8      | Noticed a death yak
  8799 | D:8      | Noticed a death yak
  8818 | D:8      | Killed a death yak
  8819 | D:8      | Reached skill level 5 in Fighting
  8822 | D:8      | Killed a death yak
  8823 | D:8      | Reached skill level 13 in Unarmed Combat
  8823 | D:8      | Gained mutation: Spells you cast may paralyse nearby
                  | enemies. [demonic ancestry]
  8823 | D:8      | Reached XP level 10. HP: 47/74 MP: 10/10
  8828 | D:8      | Killed a death yak
  9009 | D:8      | Found a staircase to the Lair.
  9053 | D:8      | Upgraded the game from 0.30-a0-782-ge64f9170bb to
                  | 0.30-a0-918-g0ff054e9dc
  9053 | D:8      | Found a snail-covered altar of Cheibriados.
  9073 | D:8      | Became a worshipper of Cheibriados the Contemplative
  9073 | D:8      | Reached * piety under Cheibriados
  9073 | D:8      | Reached ** piety under Cheibriados
  9251 | D:8      | Reached skill level 1 in Invocations
  9576 | D:8      | Reached skill level 1 in Evocations
  9620 | D:8      | Reached skill level 14 in Unarmed Combat
 10223 | D:9      | Reached *** piety under Cheibriados
 10300 | D:9      | Found a staircase to the Orcish Mines.
 10516 | D:5      | Bought a scroll of identify for 42 gold pieces
 10516 | D:5      | Bought a potion of curing for 63 gold pieces
 11067 | D:10     | Entered Level 10 of the Dungeon
 11073 | D:10     | Found Upaus's Antique Weapon Shop.
 11251 | D:10     | Reached skill level 5 in Invocations
 11252 | D:10     | Noticed an orange demon
 11257 | D:10     | Gained mutation: You regenerate a little health from kills.
                  | [demonic ancestry]
 11257 | D:10     | Reached XP level 11. HP: 78/81 MP: 14/14
 11551 | D:10     | Reached **** piety under Cheibriados
 11673 | D:10     | Identified the +1 ring mail of the Gastropod {Int+3}
 12257 | Lair:1   | Entered Level 1 of the Lair of Beasts
 12726 | Lair:1   | Noticed Joseph
 12731 | Lair:1   | Killed Joseph
 12834 | Lair:1   | Noticed Gastronok
 12850 | Lair:1   | Killed Gastronok
 12851 | Lair:1   | Reached skill level 15 in Unarmed Combat
 13593 | Lair:2   | Reached XP level 12. HP: 82/91 MP: 19/19
 13795 | Lair:2   | Reached skill level 5 in Evocations
 13802 | Lair:2   | Reached skill level 10 in Invocations
 14048 | Lair:2   | Reached ***** piety under Cheibriados
 14351 | Lair:2   | Noticed Sonja
 14355 | Lair:2   | Sonja changed into Sonja the blink frog
 14355 | Lair:2   | Noticed Sonja
 14358 | Lair:2   | Killed Sonja the blink frog
 15011 | Lair:2   | You fall into a shaft and drop 2 floors!
 15043 | Lair:4   | Noticed a six-headed hydra
 15051 | Lair:4   | Killed a six-headed hydra
 15243 | Lair:3   | Found a staircase to the Swamp.
 15303 | Lair:3   | Reached skill level 16 in Unarmed Combat
 15349 | Lair:3   | Found a hole to the Spider Nest.
 15780 | Lair:3   | Gained mutation: Your hexes are more powerful. [demonic
                  | ancestry]
 15780 | Lair:3   | Reached XP level 13. HP: 99/99 MP: 22/22
 15787 | Lair:3   | Learned a level 6 spell: Statue Form
 15993 | Lair:3   | Reached skill level 1 in Transmutations
 15993 | Lair:3   | Reached skill level 1 in Earth Magic
 17273 | Lair:4   | Reached skill level 5 in Transmutations
 17273 | Lair:4   | Reached skill level 5 in Earth Magic
 18601 | Lair:5   | Entered Level 5 of the Lair of Beasts
 18618 | Lair:4   | Reached ****** piety under Cheibriados
 18710 | Lair:5   | Gained mutation: When seriously injured, your blood forms
                  | thick armour. (AC +0) [demonic ancestry]
 18710 | Lair:5   | Reached XP level 14. HP: 104/106 MP: 24/24
 20119 | Lair:5   | Found a staircase to the Slime Pits.
 20120 | Lair:5   | Found a viscous altar of Jiyva.
 20217 | Lair:5   | Reached skill level 15 in Invocations
 21059 | D:4      | Killed Crazy Yiuf
 21410 | D:11     | Noticed Erica
 21422 | D:11     | Killed Erica
 21594 | D:11     | Noticed Maurice
 21598 | D:11     | Maurice changed into Maurice the ice beast
 21598 | D:11     | Noticed Maurice
 21601 | D:11     | Killed Maurice the ice beast
 21641 | D:11     | Noticed Josephine
 21703 | D:11     | Killed Josephine
 22023 | D:11     | Identified 2 scrolls of acquirement
 22023 | D:11     | Acquired 851 gold pieces
 22025 | D:11     | Acquired the scarf of the Onion {rC+ rF+, rPois Will-
                  | Regen+ Int+5}
 22413 | D:12     | Found a runed translucent gate.
 22414 | D:12     | Found a runed translucent gate.
 22414 | D:12     | Found a runed translucent gate.
 22415 | D:12     | Noticed Vaoc's ghost (journeyman TrFi)
 22651 | D:12     | Learned a level 4 spell: Leda's Liquefaction
 22708 | D:12     | Killed Vaoc's ghost
 23042 | D:13     | Found a gate to the Vaults.
 23210 | D:13     | Noticed Rupert
 23220 | D:13     | Killed Rupert
 23221 | D:13     | Gained mutation: When seriously injured, your blood forms
                  | very thick armour. (AC +0) [demonic ancestry]
 23221 | D:13     | Reached XP level 15. HP: 112/112 MP: 20/26
 23263 | D:13     | Identified the +1 cloak of a Labyrinth {rPois Str-5 Int+7
                  | SInv}
 24566 | D:14     | Reached skill level 10 in Transmutations
 24566 | D:14     | Reached skill level 10 in Earth Magic
 24567 | D:14     | Reached skill level 1 in Spellcasting
 24719 | D:14     | Noticed a fire giant
 24728 | D:14     | Killed a fire giant
 25040 | D:14     | Reached skill level 5 in Spellcasting
 25542 | D:14     | Noticed Agnes
 25551 | D:14     | Killed Agnes
 25636 | D:15     | Entered Level 15 of the Dungeon
 25636 | D:15     | Found a staircase to the Depths.
 25673 | D:15     | 11%->9%
 26177 | D:15     | 9%->6%
 26932 | Orc:1    | Entered Level 1 of the Orcish Mines
 27035 | Orc:1    | Noticed Fannar
 27043 | Orc:1    | Killed Fannar
 27369 | Orc:2    | Entered Level 2 of the Orcish Mines
 27567 | Orc:2    | Noticed Snorg
 27572 | Orc:2    | Killed Snorg
 27579 | Orc:2    | Learned a level 4 spell: Cause Fear
 27918 | Orc:2    | Paralysed by an orc sorcerer for 2 turns
 27921 | Orc:2    | Reached skill level 1 in Hexes
 28046 | Orc:2    | Reached XP level 16. HP: 102/119 MP: 14/27
 28186 | Orc:2    | Found a staircase to the Elven Halls.
 28328 | Orc:2    | Found Loysch's Armour Emporium.
 28328 | Orc:2    | Found Ofyaf's Assorted Antiques.
 28330 | Orc:2    | Found Allale's Jewellery Shop.
 28332 | Orc:2    | Found Omorotiv's Armour Shoppe.
 28543 | Orc:2    | Bought a marble ring for 130 gold pieces
 28545 | Orc:2    | Bought a +1 robe of the Archmagi for 425 gold pieces
 28557 | Orc:2    | Bought a tin of tremorstones (2/2) for 1040 gold pieces
 28711 | D:5      | Bought a potion of mutation for 168 gold pieces
 28849 | Swamp:1  | Entered Level 1 of the Swamp
 28849 | Swamp:1  | Noticed a tentacled monstrosity
 28857 | Swamp:1  | Killed a tentacled monstrosity
 29115 | Swamp:1  | Noticed Kirke
 29119 | Swamp:1  | Killed Kirke
 29471 | Swamp:1  | Noticed a thorn hunter
 29485 | Swamp:1  | Killed a thorn hunter
 29673 | Swamp:1  | Noticed a thorn hunter
 29683 | Swamp:1  | Killed a thorn hunter
 29764 | Swamp:1  | Noticed Frances
 29771 | Swamp:1  | Killed Frances
 30894 | Swamp:3  | Reached skill level 17 in Unarmed Combat
 31153 | Swamp:3  | Identified the +5 flail "Gike" {vamp, rC+ Stlth+}
 31311 | Swamp:3  | Reached skill level 5 in Dodging
 31835 | Swamp:4  | Entered Level 4 of the Swamp
 32060 | Swamp:4  | Reached skill level 10 in Fighting
 32213 | Swamp:4  | Gained mutation: You regenerate health from kills. [demonic
                  | ancestry]
 32213 | Swamp:4  | Reached XP level 17. HP: 128/128 MP: 23/28
 32538 | Swamp:4  | Reached skill level 5 in Hexes
 32574 | Swamp:4  | Noticed Louise
 32579 | Abyss:2  | Cast into level 2 of the Abyss (Louise)
 32601 | Abyss:2  | Found a corrupted altar of Lugonu.
 32666 | Abyss:2  | Paralysed by a great orb of eyes for 3 turns
 32737 | Abyss:2  | Found a corrupted altar of Lugonu.
 32836 | Abyss:2  | Found a corrupted altar of Lugonu.
 32992 | Swamp:4  | Escaped the Abyss
 33009 | Swamp:4  | Killed Louise
 33263 | Swamp:4  | Got a decaying rune of Zot
 33675 | Orc:2    | Bought a ring of protection from fire for 300 gold pieces
 33839 | Spider:1 | Entered Level 1 of the Spider Nest
 33944 | Spider:1 | Learned a level 4 spell: Anguish
 33944 | Spider:1 | 4/12/3[%]
 34200 | Spider:1 | Learned a level 5 spell: Silence
 34756 | Spider:1 | Noticed Mlioglotl
 34762 | Spider:1 | Killed Mlioglotl
 34968 | Spider:1 | Reached skill level 18 in Unarmed Combat
 35819 | Spider:2 | Identified the +2 robe "Igoeh" {rF++}
 36595 | Spider:3 | Reached skill level 1 in Necromancy
 36839 | Spider:3 | Gained mutation: Your melee attacks may debilitate your
                  | foes. [demonic ancestry]
 36839 | Spider:3 | Reached XP level 18. HP: 127/138 MP: 15/29
 37444 | Spider:4 | Entered Level 4 of the Spider Nest
 37930 | Spider:4 | Identified the +1 scimitar "Nanatiff" {elec, rElec rF+
                  | Str-3 Dex+3}
 38137 | Spider:4 | Reached skill level 5 in Necromancy
 38137 | Spider:4 | Reached XP level 19. HP: 145/145 MP: 30/30
 38351 | Spider:4 | Got a gossamer rune of Zot
 38716 | Vaults:1 | Entered Level 1 of the Vaults
 38829 | Vaults:1 | Found Mulaax's Distillery.
 38837 | Vaults:1 | Bought a potion of resistance for 170 gold pieces
 38837 | Vaults:1 | Bought a potion of magic for 136 gold pieces
 38837 | Vaults:1 | Bought a potion of heal wounds for 85 gold pieces
 38837 | Vaults:1 | Bought a potion of magic for 136 gold pieces
 38837 | Vaults:1 | Bought a potion of heal wounds for 85 gold pieces
 38902 | Vaults:1 | Identified the +0 leather armour of Cheibriados's Reproof
                  | {Str-2 Dex+4 SInv}
 39022 | Vaults:1 | Identified the +1 chain mail of Dim Light {rCorr Str+5}
 39103 | Vaults:1 | Reached skill level 19 in Unarmed Combat
 39390 | Vaults:1 | Identified the +3 spear of Neahatytoi {flame, rF- rC++
                  | Str+2 Dex+3}
 40191 | Vaults:2 | Learned a level 3 spell: Vhi's Electric Charge
 40253 | Vaults:2 | Noticed Margery
 40263 | Vaults:2 | Killed Margery
 40264 | Vaults:2 | Reached XP level 20. HP: 107/154 MP: 22/31
 40271 | Vaults:2 | Reached skill level 1 in Translocations
 40271 | Vaults:2 | Reached skill level 1 in Air Magic
 41949 | Vaults:3 | Found a staircase to the Crypt.
 42320 | Vaults:3 | Reached skill level 20 in Unarmed Combat
 42460 | Vaults:3 | Found Suciamna's Assorted Antiques.
 42473 | Vaults:3 | Bought a scroll of fear for 136 gold pieces
 42473 | Vaults:3 | Bought a potion of curing for 102 gold pieces
 42473 | Vaults:3 | Bought a scroll of fear for 136 gold pieces
 42473 | Vaults:3 | Bought a scroll of teleportation for 102 gold pieces
 43773 | Vaults:4 | Gained mutation: You regenerate a lot of health from kills.
                  | [demonic ancestry]
 43773 | Vaults:4 | Reached XP level 21. HP: 162/162 MP: 21/32
 43974 | Vaults:4 | Reached skill level 10 in Dodging
 44521 | Vaults:4 | Noticed Mennas
 44662 | Vaults:4 | Killed Mennas
 44792 | Vaults:4 | Identified the +3 plate armour of Wexuesig {rF+ Str+4}
 45184 | Depths:1 | Entered Level 1 of the Depths
 45505 | Depths:1 | Noticed the Enchantress
 45516 | Depths:1 | Killed the Enchantress
 45629 | Depths:1 | Found a sparkling altar of Nemelex Xobeh.
 45721 | Depths:1 | Found a one-way gate leading to the halls of Pandemonium.
 46255 | Depths:1 | Found a gateway to Hell.
 46452 | Depths:2 | Noticed a caustic shrike
 46460 | Depths:2 | Killed a caustic shrike
 46463 | Depths:2 | Paralysed by a sphinx for 4 turns
 46493 | Depths:2 | Reached skill level 21 in Unarmed Combat
 46646 | Depths:2 | Upgraded the game from 0.30-a0-918-g0ff054e9dc to
                  | 0.30-a0-920-g7493c07aab
 46705 | Depths:2 | Reached skill level 10 in Evocations
 46811 | Depths:2 | Found a one-way gate to the infinite horrors of the Abyss.
 47457 | Depths:2 | Noticed a golden dragon
 47459 | Depths:2 | Killed a golden dragon
 47463 | Depths:2 | Reached XP level 22. HP: 173/173 MP: 27/33
 47465 | Depths:2 | Found the +9 staff of Wucad Mu {*channel}
 47487 | Depths:2 | Identified the +5 plate armour of Eroskous {rElec rC+++
                  | Will+ Dex-2}
 47519 | Depths:2 | Identified the +0 pair of gloves "Yquvaib" {rF+ rN++ Str+3
                  | Stlth-}
 47530 | Depths:2 | Identified the +0 robe of Beauty {rF++ Will+ Regen+
                  | Archmagi}
 47537 | Depths:2 | Upgraded the game from 0.30-a0-920-g7493c07aab to
                  | 0.30-a0-937-ga0a21ad780
 47553 | Depths:2 | Identified the +6 arbalest "Lyiseof" {speed, Fragile rPois
                  | rF+++ Will-}
 47585 | Depths:2 | Learned a level 5 spell: Lee's Rapid Deconstruction
 47590 | Depths:2 | Learned a level 4 spell: Passage of Golubria
 48204 | Depths:3 | Found Ycosum's Antique Armour Shoppe.
 48338 | Depths:3 | Reached skill level 15 in Fighting
 48374 | Depths:3 | Noticed a caustic shrike
 48374 | Depths:3 | Noticed a caustic shrike
 48374 | Depths:3 | Noticed a caustic shrike
 48375 | Depths:3 | Noticed a caustic shrike
 48381 | Depths:3 | Killed a caustic shrike
 48381 | Depths:3 | Killed a caustic shrike
 48382 | Depths:3 | Reached skill level 22 in Unarmed Combat
 48382 | Depths:3 | Killed a caustic shrike
 48389 | Depths:3 | Killed a caustic shrike
 48392 | Depths:3 | Noticed a golden dragon
 48401 | Depths:3 | Killed a golden dragon
 48432 | Depths:3 | Identified the +0 leather armour of Distant Shores {Contam
                  | +Blink rC++ Slay+3}
 49105 | Depths:4 | Entered Level 4 of the Depths
 49243 | Depths:4 | Found an opulent altar of Gozag.
 49321 | Depths:4 | Found a one-way gateway to a ziggurat.
 50453 | Depths:4 | Reached XP level 23. HP: 184/184 MP: 29/34
 50456 | Depths:4 | Reached skill level 23 in Unarmed Combat
 50617 | Depths:4 | Found a gate to the Realm of Zot.
 50666 | Depths:4 | Upgraded the game from 0.30-a0-937-ga0a21ad780 to
                  | 0.30-a0-949-g53dc5368d7
 50752 | Zig:1    | Entered Level 1 of a ziggurat
 50768 | Zig:2    | Entered Level 2 of a ziggurat
 50782 | Zig:2    | Acquired the ring "Noradin" {Wiz rF+ rC- rCorr Slay+2}
 50797 | Zig:3    | Entered Level 3 of a ziggurat
 50818 | Zig:3    | Identified the ring of Tasuaveh {Fly rPois rC- Dex+6
                  | Stlth-}
 50822 | Zig:4    | Entered Level 4 of a ziggurat
 50824 | Zig:4    | Noticed a juggernaut
 50826 | Zig:4    | Noticed a juggernaut
 50828 | Zig:4    | Killed a juggernaut
 50833 | Zig:4    | Killed a juggernaut
 50847 | Zig:4    | Identified the +5 battleaxe "Cuas" {spect, rN++ Str+3}
 50853 | Zig:5    | Entered Level 5 of a ziggurat
 50858 | Zig:5    | Noticed an ancient lich
 50860 | Zig:5    | Noticed a dread lich
 50871 | Zig:5    | Killed a dread lich
 50875 | Zig:5    | Killed an ancient lich
 50892 | Zig:6    | Entered Level 6 of a ziggurat
 50921 | Zig:6    | Identified the ring of Nug Ossa {rF+ Str-2 Int+6 Dex+4
                  | Stlth+}
 50928 | Zig:6    | Identified the +10 plate armour of the Poles {rPois Will++
                  | Str-2 Int+2}
 50947 | Zig:6    | Identified the ring "Baxtuss" {rPois Stlth+}
 50954 | Zig:7    | Entered Level 7 of a ziggurat
 50959 | Zig:7    | Noticed a juggernaut
 50971 | Zig:7    | Killed a juggernaut
 51008 | Zig:8    | Entered Level 8 of a ziggurat
 51051 | Zig:8    | Identified the ring "Jinner" {rF+ Int+6}
 51073 | Zig:9    | Entered Level 9 of a ziggurat
 51090 | Zig:9    | Noticed an ancient lich
 51091 | Zig:9    | Noticed a dread lich
 51098 | Zig:9    | Paralysed by a floating eye for 3 turns
 51105 | Zig:9    | Killed a dread lich
 51116 | Zig:9    | Killed an ancient lich
 51128 | Zig:9    | Got the Spellbook of the Telluric Gestalt
 51305 | D:12     | Learned a level 2 spell: Blink
 51772 | Vaults:5 | Entered Level 5 of the Vaults
 51875 | Vaults:5 | Reached skill level 24 in Unarmed Combat
 51888 | Vaults:5 | Noticed a dread lich
 51894 | Vaults:5 | Killed a dread lich
 51928 | Vaults:5 | Identified the amulet of Setan {Spirit Contam Fragile rF+
                  | Int+5}
 51937 | Vaults:5 | Got the Incunabulum of Force and Combustion
 51947 | Vaults:5 | Identified the +5 broad axe of Ewnu {flame, Str+2}
 52071 | Vaults:5 | Noticed an ancient lich
 52077 | Vaults:5 | Killed an ancient lich
 52114 | Vaults:5 | Gained mutation: Spells you cast and wands you use may
                  | paralyse nearby enemies. [demonic ancestry]
 52114 | Vaults:5 | Reached XP level 24. HP: 195/195 MP: 25/35
 52127 | Vaults:5 | Noticed an ancient lich
 52137 | Vaults:5 | Killed an ancient lich
 52162 | Vaults:5 | Identified the ring "Zoybad" {Fly rF++ Str+2 Dex-5}
 52506 | Vaults:5 | Identified the amulet of Mufihiow {+Blink rN+ Regen+}
 52838 | Vaults:5 | Identified the staff of death "Syumusy" {rC+ rN+ Will++
                  | Int+3 Dex-4}
 52853 | Vaults:5 | Identified the +4 hand axe "Wauchut" {drain, rC+}
 52855 | Vaults:5 | Got a silver rune of Zot
 53205 | Vaults:5 | Learned a level 5 spell: Irradiate
 53205 | Vaults:5 | Upgraded the game from 0.30-a0-949-g53dc5368d7 to
                  | 0.30-a0-956-gcec3b41aec
 53614 | Zot:1    | Entered Level 1 of the Realm of Zot
 53695 | Zot:1    | Reached skill level 1 in Conjurations
 54094 | Zot:1    | Reached skill level 15 in Dodging
 54094 | Zot:1    | Reached skill level 25 in Unarmed Combat
 55362 | Zot:2    | Reached skill level 5 in Conjurations
 55581 | Zot:2    | Noticed Vv
 55592 | Zot:2    | Killed Vv
 55593 | Zot:2    | Reached XP level 25. HP: 205/205 MP: 28/35
 56298 | Zot:3    | Found a runed translucent door.
 56298 | Zot:3    | Noticed Ahiemauce's ghost (veteran DrSu)
 56464 | Zot:3    | Found the +4 dragonskin cloak
 56464 | Zot:3    | Noticed Tiamat
 56731 | Zot:3    | You fall into a shaft and drop 1 floor!
 57444 | Zot:3    | Killed Tiamat
 57813 | Zot:4    | Reached skill level 26 in Unarmed Combat
 57818 | Zot:4    | Noticed a Killer Klown
 57828 | Zot:4    | Killed a Killer Klown
 57867 | Zot:5    | Entered Level 5 of the Realm of Zot
 58182 | Zot:5    | Noticed an ancient lich
 58189 | Zot:5    | Killed an ancient lich
 58298 | Zot:5    | Noticed a Killer Klown
 58308 | Zot:5    | Noticed a Killer Klown
 58308 | Zot:5    | Killed a Killer Klown
 58310 | Zot:5    | Killed a Killer Klown
 58351 | Zot:5    | Noticed an orb of fire
 58360 | Zot:5    | Killed an orb of fire
 58384 | Zot:5    | Noticed an orb of fire
 58385 | Zot:5    | Noticed a Killer Klown
 58385 | Zot:5    | Noticed an orb of fire
 58390 | Zot:5    | Gained mutation: You are clumsy. (Dex -2) [an orb of fire]
 58392 | Zot:5    | Killed an orb of fire
 58393 | Zot:5    | Gained mutation: Armour fits poorly on your strangely
                  | shaped body. [an orb of fire]
 58399 | Zot:5    | Killed an orb of fire
 58401 | Zot:5    | Killed a Killer Klown
 58401 | Zot:5    | Noticed a Killer Klown
 58403 | Zot:5    | Killed a Killer Klown
 58458 | Zot:5    | Noticed an ancient lich
 58465 | Zot:5    | Killed an ancient lich
 58476 | Zot:5    | Noticed a Killer Klown
 58477 | Zot:5    | Reached XP level 26. HP: 216/216 MP: 20/35
 58779 | Zot:5    | Noticed an ancient lich
 58783 | Zot:5    | Killed an ancient lich
 58784 | Zot:5    | Reached skill level 27 in Unarmed Combat
 59230 | Zot:5    | Got the Orb of Zot
 59756 | D:4      | Noticed Quduaf the pandemonium lord
 59767 | D:4      | Killed Quduaf the pandemonium lord
 59816 | D:$      | Escaped with the Orb!

Illustrated notes .......P.>P..8. #....8...P..... #....8P:8...8. #.P.P.8.PP... #8..P......P. #P....P..8.. ##..)8..P..# #...8).# ..........# ##.........# ##.......... #..........# #...........# #...........# .........<... Turn 25673 on D:15: 11%->9% .# .# .# .# .## # ##..#.## #)....$## ##8......# #..##..$$. ##.## .... ##..# ... #..## ...## # ##.## ....# # #..# #...## # ##.## #...### ###..###### #..... Turn 26177 on D:15: 9%->6%

## . ##. #.# . #.# .
##.######
###.......###
#...........###
#@............###
##..............##
#................#
#..##.........†....
...####.^........††.
..... ##.........†..
.......
#............
.......
.............
....... ...........#


Turn 33944 on Spider:1: 4/12/3[%]

Levels and vault maps discovered:
D:1:      eino_arrival_water_star, layout_basic, minmay_pentomino_u4
D:2:      layout_loops_ring, serial_shops, nicolae_diamond_shop
D:3:      layout_loops_ring, shapermc_ecumenical_altar_petra,
          minmay_quadrilaterals
D:4:      layout_basic, eat_drink_and_be_merry_uskayaw, old_standard_altar,
          uniq_crazy_yiuf_cottage, uniq_duvessa
D:5:      layout_basic, minitemple, serial_shops, nicolae_shop_waterfront,
          uniq_edmund
D:6:      layout_loops_ring, lemuel_crystal_altar, temple_fountains,
          serial_rivers, chequers_serial_rivers_large_b,
          chequers_serial_rivers_micro_e, chequers_serial_rivers_micro_d,
          chequers_serial_rivers_micro_b
D:7:      layout_basic, grunt_temple_overflow_order_and_chaos_2, minivault_22,
          nicolae_concentric_dashed_squares_mild, minmay_mini_ossuary
D:8:      layout_loops_ring, kennysheep_slug_shrine, dpeg_lair_monsters,
          centaur_isle
D:9:      layout_loops_corners, orc_0_dummy, serial_glass, glass_columns_b,
          glass_columns_b
D:10:     layout_rooms, serial_co_window_serial, co_window_corner_a,
          co_window_paths_a, co_window_paths_a, co_window_paths_a,
          co_window_paths_a, co_window_corner_b, co_window_of_opportunity_b,
          co_window_cross_4, co_window_of_opportunity_b, co_window_paths_d,
          co_window_paths_e, glass_columns_b, glass_columns_c, glass_columns_c,
          glass_columns_b, glass_columns_a, kennysheep_small_square
D:11:     layout_cave_pods, palyth_stone_intersect, fungi_pond_lemuel,
          uniq_maurice, uniq_erica, uniq_josephine
D:12:     layout_rooms, gammafunk_ghost_hydra_chop
D:13:     layout_irregular_city, erik_vaults_1, uniq_rupert
D:14:     layout_basic, kennysheep_pointless_box, grunt_ministairs_15,
          evilmike_minifort, uniq_agnes
D:15:     gammafunk_depths_entry_grave, layout_cave_pods, minmay_crystal_water
Temple:   nicolae_temple_bog_church
Lair:1:   layout_hall_layers, uniq_gastronok, uniq_joseph
Lair:2:   layout_layer_cave, hibernation_bobbens, infiniplex_staircase_pool_2,
          uniq_sonja
Lair:3:   layout_regular_city, swamp_mist_pool,
          nicolae_spider_entry_lesser_pyramids, patterned_corridor
Lair:4:   layout_hall_layers, grunt_megastairs_1
Lair:5:   evilmike_catoblepas_cave, layout_hall_layers,
          minmay_slime_entry_jelly_boxes, hangedman_lair_generics_rect
Swamp:1:  layout_falls_marsh, evilmike_swamp_ruin_wall, uniq_frances, uniq_kirke
Swamp:2:  layout_basic_swamp, evilmike_swamp_ruin_rubble_2,
          nicolae_swamp_nymph_family_reunion
Swamp:3:  layout_basic_swamp, nicolae_swamp_dense_foliage
Swamp:4:  swamp_icy, layout_basic_swamp, uniq_louise
Spider:1: layout_cave_pods, nicolae_spider_undead_wolf_pack, uniq_mlioglotl
Spider:2: layout_chambers
Spider:3: layout_spider_delve, spiders_nest_hornet_nest
Spider:4: guppyfry_spider_rune
Orc:1:    layout_diamond_mine, uniq_fannar
Orc:2:    st_orc_rangers, layout_diamond_mine, uniq_snorg
Vaults:1: vaults_mumra_minichess, v_alt_pattern_3, v_alt_pattern_1,
          hangedman_vaults_corner, st_check, v_misc_10,
          nicolae_vaults_little_squares_3, hangedman_vaults_pinch,
          vaults_standard_mumra_x, hangedman_vaults_cutoff,
          ontoclasm_vaults_decontamination, v_alt_pattern_1,
          layout_vaults_omnibox, serial_shops, shop
Vaults:2: nicolae_vaults_network_quinsquares
          [nicolae_vaults_network_quincunx_subvault,
          nicolae_vaults_network_quincunx_subvault,
          nicolae_vaults_network_quincunx_subvault,
          nicolae_vaults_network_quincunx_subvault], v_misc_1,
          ontoclasm_vaults_shuriken, nicolae_vaults_little_squares_4,
          grunt_vaults_swirl, nicolae_vaults_little_squares_1,
          nicolae_vaults_ninety_degrees, nicolae_vaults_border_crossing,
          vaults_room_corners, layout_vaults_chaotic_city, uniq_margery
Vaults:3: vaults_room_boxed, v_alt_pattern_2, v_pattern_4, v_alt_pattern_5,
          minmay_crypt_entry_simple_corners, vaults_dpeg_diagonal, st_cells,
          nicolae_vaults_little_squares_1, vaults_room_octagon,
          vaults_room_door_hall, nicolae_vaults_triangles,
          nicolae_vaults_rhombus_6, hangedman_vaults_impose,
          layout_vaults_maze_snakey, serial_shops, nicolae_shop_waterfront
Vaults:4: nicolae_vaults_asterisk, vaults_room_grid, hangedman_vaults_unwind,
          nicolae_vaults_specimen_jars, nicolae_vaults_alarming,
          nicolae_vaults_three_branches, vaults_room_pool,
          nicolae_vaults_little_squares_4, layout_vaults_omnigrid, uniq_mennas
Vaults:5: serial_shops
Depths:1: layout_basic, hangedman_coc_ice_floe, nicolae_hexahallways, pan_entry,
          nemelex_lonely_heart_becter, uniq_enchantress
Depths:2: gold_lair_mu, layout_cave_pools,
          nicolae_abyss_entry_one_way_or_another, hell_entry,
          rand_demon_pan_entry_8, chequers_serial_rivers_large_a, uniq_josephina
Depths:3: grunt_crosshair, layout_gridlike, serial_shops, shop,
          pf_vacation_house_of_asmodeus, abyss_entry, minmay_staircase_bubble
Depths:4: evilmike_zot_entry_hall, layout_basic, enter_ziggurat_b,
          grunt_pan_entry_spiral, grunt_gozag_statues, pf_hell_entry_tar_spiral
Zot:1:    layout_concentric_octagons, zot_minivault_1
Zot:2:    layout_gridlike, hangedman_zot_decor_tridents, uniq_vv
Zot:3:    layout_onion_interference, gammafunk_ghost_grave, uniq_tiamat
Zot:4:    kennysheep_blocky_room, layout_concentric_octagons, grunt_megastairs_5
Zot:5:    layout_misc_corridors

Skill      XL: |  1  2  3  4  5  6  7  8  9 10 11 12 13 14 15 16 17 18 19 20 21 22 23 24 25 26 |
---------------+-------------------------------------------------------------------------------+-----
Stealth        | 2 |  2.0
Unarmed Combat | 3 4 5 6 7 9 11 13 14 15 16 17 18 19 20 21 22 24 25 26 27 | 27.0
Fighting       | 5 7 8 10 11 12 13 14 16 17 18 19 20 | 20.4
Invocations    | 5 9 12 14 15 | 15.0
Evocations     | 2 4 5 6 8 10 | 10.0
Transmutations | 6 9 11 12 13 | 13.0
Earth Magic    | 6 9 11 12 | 12.0
Spellcasting   | 6 7 8 |  8.0
Hexes          | 1 4 5 6 7 |  7.0
Dodging        | 3 5 7 8 9 11 12 14 15 16 17 | 17.5
Necromancy     | 1 5 6 |  6.0
Translocations | 3 |  3.0
Air Magic      | 4 |  4.0
Conjurations   | 5 |  5.0

Action                     |  1- 3 |  4- 6 |  7- 9 | 10-12 | 13-15 | 16-18 | 19-21 | 22-24 | 25-27 || total
---------------------------+-------+-------+-------+-------+-------+-------+-------+-------+-------++-------
  Melee: Unarmed           |    91 |   169 |   237 |   455 |   787 |   695 |   825 |   871 |   351 ||  4481
         Punch             |     2 |     9 |    11 |    42 |   106 |    74 |   131 |   166 |    84 ||   625
         Headbutt          |       |    35 |    67 |   129 |   232 |   181 |   263 |   309 |   128 ||  1344
  Throw: Dart              |    13 |    12 |    60 |    75 |   113 |       |       |       |       ||   273
         Throwing net      |       |     1 |       |       |       |       |     2 |       |       ||     3
   Cast: Statue Form       |       |       |       |       |    28 |    85 |    76 |    72 |    43 ||   304
         Leda's Liquefacti |       |       |       |       |     9 |    22 |    10 |       |       ||    41
         Anguish           |       |       |       |       |       |    54 |    66 |    33 |    17 ||   170
         Vhi's Electric Ch |       |       |       |       |       |       |    66 |    68 |    57 ||   191
         Silence           |       |       |       |       |       |       |     3 |     2 |       ||     5
         Cause Fear        |       |       |       |       |       |       |     1 |       |       ||     1
         Lee's Rapid Decon |       |       |       |       |       |       |       |     4 |       ||     4
         Blink             |       |       |       |       |       |       |       |     1 |       ||     1
         Irradiate         |       |       |       |       |       |       |       |     3 |     5 ||     8
 Invoke: Temporal Distorti |       |       |       |     2 |    10 |     4 |     2 |     2 |     1 ||    21
         Bend Time         |       |       |       |     1 |     6 |     6 |     1 |       |       ||    14
         Slouch            |       |       |       |     1 |     6 |     3 |     3 |     3 |       ||    16
         Step From Time    |       |       |       |       |     1 |     1 |     3 |       |       ||     5
Ability: End Transformatio |       |       |       |       |       |       |       |       |     2 ||     2
  Evoke: Wand              |       |       |    14 |    10 |    22 |     5 |       |       |     5 ||    56
         Phial of floods   |       |       |       |     2 |     3 |     2 |     2 |       |       ||     9
         Box of beasts     |       |       |       |     1 |     4 |     1 |     1 |     1 |     1 ||     9
         Tin of tremorston |       |       |       |       |       |     4 |       |     1 |       ||     5
         Condenser vane    |       |       |       |       |       |       |       |     3 |     1 ||     4
         Phantom mirror    |       |       |       |       |       |       |       |       |     2 ||     2
    Use: Scroll            |     3 |    10 |     8 |     8 |     8 |     3 |       |     7 |    13 ||    60
         Potion            |       |       |     3 |       |     1 |     7 |     6 |     3 |     7 ||    27
   Stab: Sleeping          |     3 |     4 |     2 |       |       |     5 |     5 |     1 |     1 ||    21
         Paralysed         |       |       |     5 |       |     4 |    23 |    23 |    19 |    18 ||    92
         Distracted        |       |       |       |     2 |     3 |     3 |     2 |       |     1 ||    11
         Confused          |       |       |       |       |       |     3 |       |     2 |       ||     5
 Armour: Robe              |     2 |       |     3 |       |     4 |    16 |     4 |     1 |       ||    30
         Ring mail         |    17 |    54 |    90 |    12 |       |       |       |       |       ||   173
         Plate armour      |       |       |       |    24 |       |       |       |       |       ||    24
         Scale mail        |       |       |       |   126 |   149 |       |       |       |       ||   275
         Skin              |       |       |       |       |   225 |   588 |   476 |   471 |   136 ||  1896
  Dodge: Dodged            |    40 |    86 |   145 |   191 |   473 |   884 |   968 |  1455 |   434 ||  4676
  Block: Other             |       |       |       |    22 |   181 |    72 |       |       |       ||   275
         Reflection        |       |       |       |     1 |    13 |     4 |       |       |       ||    18

Table legend: (Time is in decaauts)
 A = Elapsed time spent in this place.
 B = Non-inter-level travel time spent in this place.
 C = Inter-level travel time spent in this place.
 D = Time resting spent in this place.
 E = Time spent auto-exploring this place.
 F = Levels seen in this place.
 G = Mean time per level.
                   A        B        C        D        E       F      G
               +--------+--------+--------+--------+--------+-----+--------+
         Total |  96951 |  87133 |   9818 |   1472 |  68974 |  55 | 1762.7 |
       Dungeon |  25731 |  21557 |   4174 |    875 |  16943 |  15 | 1715.4 |
        Temple |    207 |    198 |      9 |      0 |    188 |   1 |  207.0 |
          Lair |  13443 |  12214 |   1229 |    192 |  10290 |   5 | 2688.6 |
         Swamp |   7341 |   7074 |    267 |      0 |   5542 |   4 | 1835.2 |
   Spider Nest |   8576 |   8328 |    248 |      4 |   6988 |   4 | 2144.0 |
  Orcish Mines |   3420 |   2729 |    691 |      0 |   2265 |   2 | 1710.0 |
        Vaults |  14901 |  13503 |   1398 |     19 |  11011 |   5 | 2980.2 |
        Depths |  11319 |  10282 |   1037 |      2 |   8343 |   4 | 2829.8 |
           Zot |  10474 |   9714 |    760 |    378 |   6853 |   5 | 2094.8 |
         Abyss |    803 |    803 |      0 |      0 |    548 |   1 |  803.0 |
      Ziggurat |    731 |    731 |      0 |      0 |      0 |   9 |   81.2 |
               +--------+--------+--------+--------+--------+-----+--------+

Top non-repeatable levels by time:
Depths:4: 3700 daAuts
Vaults:2: 3600 daAuts
Vaults:3: 3292 daAuts
  Lair:5: 3056 daAuts
  Lair:2: 3035 daAuts
  Lair:4: 2970 daAuts
Vaults:4: 2944 daAuts
Vaults:5: 2676 daAuts
     D:8: 2643 daAuts
   Zot:5: 2621 daAuts
    D:14: 2604 daAuts
Depths:3: 2586 daAuts
Depths:2: 2552 daAuts
Spider:2: 2535 daAuts
Spider:1: 2520 daAuts
